 Dungeon Crawl Stone Soup version 0.30-a0-722-g3e6e8c874d (webtiles) character file.

Game seed: 6305853161164291201

670 mandarbmax the Cruncher (level 7, -1/46 HPs)
             Began as a Formicid Fighter on Jan 28, 2023.
             Was a Follower of Hepliaklqana.
             Splashed by a jelly's acid (8 damage)
             ... on level 4 of the Dungeon.
             The game lasted 00:04:16 (3251 turns).

mandarbmax the Cruncher (Formicid Fighter)          Turns: 3251, Time: 00:04:16

Health: -1/46      AC:  2    Str: 23    XL:     7   Next: 89%
Magic:  16/16      EV:  9    Int:  7    God:    Hepliaklqana [*.....]
Gold:   208        SH:  5    Dex: 13    Spells: 6/6 levels left

rFire   + . .      SeeInvis +    a - +0 quarterstaff
rCold   . . .      Faith    .    c - +0 buckler
rNeg    . . .      Spirit   .    b - +0 scale mail
rPois   .          Reflect  .    (helmet unavailable)
rElec   .          Harm     .    (no cloak)
rCorr   .          Rampage  .    (no gloves)
Will    .....                    (no boots) Stlth
                                 j - amulet of magic regeneration
HPRegen 0.27/turn                m - ring of protection from fire
MPRegen 0.55/turn                u - ring of magical power

@: corroded
A: reduced essence, permanent stasis, dig shafts and tunnels, antennae 3, four
strong arms
a: Dig, Shaft Self, Renounce Religion, Recall Ancestor, Ancestor Identity


You were on level 4 of the Dungeon.
You worshipped Hepliaklqana.
Hepliaklqana was aware of your devotion.
You visited 1 branch of the dungeon, and saw 5 of its levels.

You collected 208 gold pieces.

Inventory:

Hand Weapons
 a - a +0 quarterstaff (weapon)
Armour
 b - a +0 scale mail (worn)
 c - a +0 buckler (worn)
Jewellery
 j - an amulet of magic regeneration (around neck)
 m - a ring of protection from fire (left hand)
 u - a ring of magical power (right hand)
 v - a ring of ice
Scrolls
 e - 4 scrolls of identify {unknown}
 g - a scroll of torment {unknown}
 h - a scroll of silence {unknown}
 i - 4 scrolls of teleportation {unknown}
 l - 2 scrolls of fear {unknown}
 n - a scroll of immolation {unknown}
 q - a scroll of brand weapon {unknown}
 r - a scroll of poison {unknown}
Potions
 d - a potion of might
 f - 3 potions of curing
 k - a potion of cancellation {unknown}
 o - 2 potions of lignification {unknown}
 p - a potion of resistance {unknown}
 s - a potion of ambrosia {unknown}
 t - 2 potions of degeneration {unknown}


   Skills:
 - Level 3.2 Fighting
 * Level 8.3 Staves
 - Level 3.2 Armour
 - Level 4.0 Shields


You had 6 spell levels left.
You didn't know any spells.
Your spell library contained the following spells:

 Spells                   Type           Power      Damage    Failure   Level
 Magic Dart               Conj           0%         1d3       82%         1
 Searing Ray              Conj           0%         2d4       91%         2
 Fulminant Prism          Conj/Hex       0%         3d5       100%        4
 Summon Ice Beast         Ice/Summ       0%         N/A       100%        4
 Summon Mana Viper        Hex/Summ       0%         N/A       100%        5
 Monstrous Menagerie      Summ           0%         N/A       100%        7


Dungeon Overview and Level Annotations

Branches:
Dungeon (5/15)
 Temple: D:4-7

Altars:
Hepliaklqana
Qazlal
Ru
Yredelemnul


Innate Abilities, Weirdness & Mutations

Your life essence is reduced to manifest your ancestor. (-10% HP)
You cannot be hasted, slowed, berserked, paralysed or teleported.
You can dig through walls and to a lower floor.
You have a pair of large antennae on your head. (SInv)
Your four strong arms can wield two-handed weapons with a shield.


Message History

The hound barely misses you. The orc hits you but does no damage.
You hit the orc.
You kill the orc!
The hound bites you but does no damage. The hound bites you.
You closely miss the hound. You block the hound's attack.
You thump the hound!
The hound is heavily wounded.
The hound bites you.
* * * LOW HITPOINT WARNING * * *
You thump the hound!
You kill the hound!
You start resting.
Sosibius emerges from the mists of memory!
There is a stone staircase leading down, spattered with blood here.
You start resting.
HP restored.
Okay, then.
You climb downwards.
The black bear growls angrily.
You hear a howl!
The orc priest hits you with a +0 flail.
You block the jelly's attack.
The orc priest casts a cantrip, but nothing happens.
The jelly hits you. The acid corrodes you!
You are splashed with acid!
There is a stone staircase leading up, spattered with blood here.
The orc priest mumbles some strange prayers to Beogh against you.
Pain shoots through your body! The orc hits you with a +0 flail!
* * * LOW HITPOINT WARNING * * *
The jelly barely misses you.
Sosibius hits the jelly.
Sosibius is burned by acid!
You climb upwards.
There is a stone staircase leading down, spattered with blood here.
Okay, then.
Okay, then.
You swap places.
The orc priest closely misses Sosibius.
The jelly barely misses you.
The orc closely misses Sosibius.
Sosibius hits the orc priest.
The jelly attacks as you move away! The jelly hits you.
* * * LOW HITPOINT WARNING * * *
You are splashed with acid!
You die...

....###.....###...............#
######..##....................#
##.....###....................#
.............##...............#
###...........##....)........## #
#...................#.<.....#
###..........#....###########.#
.............#oJ#.# #.###
..............oR@.###### #....
..........#...###......## ####.
....#.#.#...###......#..# ##
...........).........##.## #
.............##......##..########
..####.###.......................
.## #.# ##.........############†
######.#####........# #######..
.........####.......#####........


You could see the friendly Sosibius the ancestor, a jelly, an orc priest (ally
target) and an orc.

Vanquished Creatures
  An ice beast (D:4)
  A scorpion (D:4)
  A jelly (D:4)
  A hound (D:4)
  Jessica (D:3)
  An iguana (D:3)
  Natasha (thrice) (D:3)
  2 orc wizards
  7 adders
  A worm (D:2)
  4 dart slugs
  10 orcs
  3 ball pythons
  7 bats
  8 endoplasms
  3 giant cockroaches
  12 goblins
  3 hobgoblins
  6 jackals (D:4)
  4 quokkas
  4 frilled lizards
  9 kobolds
  7 rats
99 creatures vanquished.

Vanquished Creatures (collateral kills)
  A scorpion (D:4)
  An orc wizard (D:5)
  An adder (D:4)
  A worm (D:4)
  2 dart slugs (D:4)
  2 endoplasms (D:4)
  A hobgoblin (D:4)
9 creatures vanquished.

Vanquished Creatures (others)
  An ancestor (D:5)
1 creature vanquished.

Grand Total: 109 creatures vanquished

Notes
Turn   | Place    | Note
-------+----------+-------------------------------------------
     0 | D:1      | mandarbmax the Formicid Fighter began the quest for the
                  | Orb.
     0 | D:1      | Reached XP level 1. HP: 18/18 MP: 1/1
   230 | D:1      | Reached XP level 2. HP: 24/24 MP: 2/2
   391 | D:1      | Reached skill level 3 in Staves
   717 | D:1      | Reached XP level 3. HP: 29/29 MP: 3/3
  1082 | D:2      | Reached skill level 4 in Staves
  1082 | D:2      | Reached XP level 4. HP: 33/35 MP: 4/4
  1207 | D:2      | You fall into a shaft and drop 2 floors!
  1235 | D:4      | Noticed an ice beast
  1243 | D:4      | Killed an ice beast
  1244 | D:4      | Reached skill level 5 in Staves
  1244 | D:4      | Reached XP level 5. HP: 41/41 MP: 5/5
  1400 | D:2      | Reached XP level 6. HP: 38/47 MP: 6/6
  1643 | D:3      | Found a hazy altar of Hepliaklqana.
  1689 | D:3      | Found a sacrificial altar of Ru.
  1689 | D:3      | Noticed Natasha
  1707 | D:3      | Killed Natasha
  1708 | D:3      | Reached skill level 6 in Staves
  1748 | D:3      | Became a worshipper of Hepliaklqana the Forgotten
  1849 | D:3      | Noticed Jessica
  1853 | D:3      | Killed Jessica
  1859 | D:3      | Found a stormy altar of Qazlal.
  1928 | D:3      | Noticed Natasha
  1933 | D:3      | Killed Natasha
  2141 | D:3      | Noticed Natasha
  2149 | D:3      | Killed Natasha
  2296 | D:3      | Reached * piety under Hepliaklqana
  2337 | D:3      | Reached skill level 7 in Staves
  2337 | D:3      | Reached XP level 7. HP: 46/46 MP: 7/7
  2838 | D:4      | Reached skill level 8 in Staves
  3073 | D:4      | Found a basalt altar of Yredelemnul.
  3109 | D:5      | Entered Level 5 of the Dungeon
  3251 | D:4      | Splashed by a jelly's acid

Illustrated notes

Levels and vault maps discovered:
D:1:      dpeg_arrival_tiny_b, layout_loops_corners
D:2:      minmay_spotlight, layout_rooms
D:3:      layout_loops_cross, nicolae_ru_awakened_eye,
          nicolae_qazlal_general_emergency, worldfamousw_hep_ancestral_shrine,
          uniq_natasha, uniq_jessica
D:4:      layout_rooms, kennysheep_mini_moat
D:5:      layout_basic, grunt_temple_overflow_champion_of_chaos,
          mainiacjoe_overflow_alcove_4

Skill      XL: |  1  2  3  4  5  6  7 |
---------------+----------------------+-----
Staves         | 3 4 5 7 8 |  8.3
Fighting       | |  3.2
Armour         | |  3.2
Shields        | |  4.0

Action                     |  1- 3 |  4- 6 |  7- 9 || total
---------------------------+-------+-------+-------++-------
  Melee: Quarterstaff      |    74 |   149 |    90 ||   313
    Use: Potion            |       |       |     1 ||     1
   Stab: Distracted        |       |       |     1 ||     1
 Armour: Scale mail        |    24 |    44 |    36 ||   104
  Dodge: Dodged            |    25 |    61 |    38 ||   124
  Block: Buckler           |    13 |    28 |    20 ||    61

Table legend: (Time is in decaauts)
 A = Elapsed time spent in this place.
 B = Non-inter-level travel time spent in this place.
 C = Inter-level travel time spent in this place.
 D = Time resting spent in this place.
 E = Time spent auto-exploring this place.
 F = Levels seen in this place.
 G = Mean time per level.
                   A        B        C        D        E       F      G
               +--------+--------+--------+--------+--------+-----+--------+
         Total |   3265 |   3123 |    142 |    116 |   2377 |   5 |  653.0 |
       Dungeon |   3265 |   3123 |    142 |    116 |   2377 |   5 |  653.0 |
               +--------+--------+--------+--------+--------+-----+--------+

Top non-repeatable levels by time:
     D:4: 920 daAuts
     D:1: 862 daAuts
     D:3: 836 daAuts
     D:2: 633 daAuts
     D:5: 12 daAuts
